 Dungeon Crawl Stone Soup version 0.25-b1-23-ge2ad7d536c (webtiles) character file.

Game seed: 3731594295057278730, levelgen mode: deterministic

458 diana the Shield-Bearer (level 6, -2/47 HPs)
             Began as a Demonspawn Fighter on June 3, 2020.
             Killed from afar by Dowan (16 damage)
             ... with a stone arrow
             ... on level 4 of the Dungeon.
             The game lasted 00:03:45 (3768 turns).

diana the Shield-Bearer (Demonspawn Fighter)        Turns: 3768, Time: 00:03:46

Health: -2/47      AC: 12    Str: 19    XL:     6   Next: 77%
Magic:  6/6        EV:  7    Int:  9    God:
Gold:   233        SH: 10    Dex: 12    Spells: 5/5 levels left

rFire    . . .     SeeInvis .   a - +0 long sword
rCold    . . .     Gourm    .   c - +0 kite shield
rNeg     . . .     Faith    .   b - +0 scale mail
rPois    .         Spirit   .   p - +0 helmet
rElec    .         Reflect  .   (no cloak)
rCorr    .         Harm     .   (no gloves)
MR       .....                  g - +0 pair of boots
Stlth    ..........             (no amulet)
HPRegen  0.15/turn              r - ring of attention (curse)
MPRegen  0.10/turn              (no ring)

@: mighty
A: claws 2, thin metallic scales 2, rot immunity
a: no special abilities


You were on level 4 of the Dungeon.
You were not hungry.

You visited 1 branch of the dungeon, and saw 4 of its levels.

You collected 233 gold pieces.

Inventory:

Hand Weapons
 a - a +0 long sword (weapon)
Armour
 b - a +0 scale mail (worn)
 c - a +0 kite shield (worn)
 g - a +0 pair of boots (worn)
 p - a +0 helmet (worn)
Jewellery
 r - a cursed ring of attention (left claw)
Scrolls
 e - 5 scrolls of remove curse {unknown}
 h - 5 scrolls of blinking {unknown}
 k - 3 scrolls of fog {unknown}
 l - a scroll of amnesia {unknown}
 n - 2 scrolls of enchant armour {unknown}
 o - 4 scrolls of identify {unknown}
 t - a scroll of noise {unknown}
 w - a scroll of teleportation {unknown}
Potions
 i - 4 potions of curing
 j - a potion of haste {unknown}
 m - a potion of degeneration {unknown}
 q - a potion of invisibility {unknown}
 v - a potion of resistance {unknown}
Comestibles
 f - 7 rations
 s - 3 chunks of flesh


   Skills:
 - Level 3.0 Fighting
 + Level 3.6 Long Blades
 + Level 4.2 Armour
 * Level 5.3 Shields


You had 5 spell levels left.
You didn't know any spells.
Your spell library was empty.

Dungeon Overview and Level Annotations

Branches:
Dungeon (4/15)             Temple (0/1) D:4

Altars:
Elyvilon
Fedhas
Hepliaklqana
Ru

Annotations:
D:2 2 transporters
D:4 Dowan


Innate Abilities, Weirdness & Mutations

You have very sharp fingernails.
You are mostly covered in thin metallic scales. (AC +3)
You are immune to rotting.


Message History

You block Duvessa's attack.
You slash Duvessa!
Duvessa is severely wounded.
You block Duvessa's attack. Duvessa hits you with a +0 rapier.
* * * LOW HITPOINT WARNING * * *
You barely miss Duvessa.
Duvessa is severely wounded.
You block Duvessa's attack. Duvessa hits you but does no damage.
You slash Duvessa!
Duvessa is almost dead.
Duvessa hits you with a +0 rapier.
* * * LOW HITPOINT WARNING * * *
You block Duvessa's attack.
You slash Duvessa!
You kill Duvessa!
Dowan's eyes darken. "You have made a black mistake."
Dowan seems to find hidden reserves of power!
Dowan casts a spell at you. The stone arrow hits you!
You die...

####........##
#.######## #.# #.#
### #.#
###########(. #.#
#........((.. #.#
#.....e≈≈≈≈≈. #(#
#....≈≈≈≈≈≈≈≈ #@#
#..≈≈≈≈≈≈≈≈≈≈
#)####.≈≈≈≈≈≈≈≈≈≈≈
#......≈≈≈≈≈≈...≈≈
##.e...≈≈≈≈≈≈.>...
#.....≈≈≈≈≈≈...≈≈
#>.†...≈≈≈≈≈≈≈≈≈
###......≈≈≈≈≈≈
#........≈≈≈
#..........


You could see Dowan (fast).

Vanquished Creatures
  Duvessa (D:4)
  A scorpion (D:4)
  A howler monkey (D:4)
  A hound (D:3)
  2 worker ants (D:4)
  Robin (D:2)
  A gnoll (D:1)
  5 adders
  2 worms
  3 dart slugs
  4 leopard geckos
  5 orcs
  A ball python (D:2)
  2 giant cockroaches
  12 goblins
  16 hobgoblins
  11 jackals
  11 kobolds
  2 quokkas
  9 bats
  2 frilled lizards
  11 rats
104 creatures vanquished.

Notes
Turn   | Place    | Note
-------+----------+-------------------------------------------
     0 | D:1      | diana the Demonspawn Fighter began the quest for the Orb.
     0 | D:1      | Reached XP level 1. HP: 18/18 MP: 1/1
    83 | D:1      | Reached skill level 3 in Shields
    83 | D:1      | Gained mutation: You are partially covered in thin metallic
                  | scales. (AC +2) [demonic ancestry]
    83 | D:1      | Reached XP level 2. HP: 21/24 MP: 2/2
   402 | D:1      | Gained mutation: You are immune to rotting. [demonic
                  | ancestry]
   402 | D:1      | Reached XP level 3. HP: 20/29 MP: 3/3
  1366 | D:2      | Noticed Robin
  1377 | D:2      | Gained mutation: You are mostly covered in thin metallic
                  | scales. (AC +3) [demonic ancestry]
  1377 | D:2      | Reached XP level 4. HP: 33/35 MP: 4/4
  1394 | D:2      | Killed Robin
  1619 | D:2      | Found a transporter.
  1624 | D:2      | Found a transporter.
  1626 | D:2      | Noticed a centaur
  1626 | D:2      | Noticed a sky beast
  1633 | D:2      | Found a sacrificial altar of Ru.
  1683 | D:2      | Reached skill level 4 in Shields
  2284 | D:3      | Gained mutation: You have sharp fingernails. [demonic
                  | ancestry]
  2284 | D:3      | Reached XP level 5. HP: 29/41 MP: 5/5
  2893 | D:3      | Found a white marble altar of Elyvilon.
  2948 | D:3      | Found a hazy altar of Hepliaklqana.
  3518 | D:4      | Gained mutation: You have very sharp fingernails. [demonic
                  | ancestry]
  3518 | D:4      | Reached XP level 6. HP: 30/47 MP: 6/6
  3657 | D:4      | Found a blossoming altar of Fedhas.
  3707 | D:4      | Reached skill level 5 in Shields
  3711 | D:4      | Found a staircase to the Ecumenical Temple.
  3719 | D:4      | Noticed Duvessa
  3748 | D:4      | Noticed Dowan
  3768 | D:4      | Killed Duvessa
  3768 | D:4      | Killed from afar by Dowan

Illustrated notes

Levels and vault maps discovered:
D:1:      elethiomel_arrival_quiet, layout_loops_cross, minmay_vboxes
D:2:      kennysheep_big_flooded_room, layout_loops_ring,
          gammafunk_temple_overflow_arena, hangedman_decor_clover_reticule,
          uniq_robin
D:3:      layout_basic, nicolae_overflow_crystal_walls, elyvilon_altar_4
D:4:      layout_basic, old_standard_altar, fedhas_ov_isle_minmay,
          temple_pool_b, gammafunk_ghost_split, nrook_mini_vaults,
          kennysheep_generic_room_5, uniq_edmund, uniq_natasha, uniq_duvessa

Skill      XL: |  1  2  3  4  5  6 |
---------------+-------------------+-----
Long Blades    | 2 3 |  3.6
Shields        | 3 4 5 |  5.3
Armour         | 3 4 |  4.2
Fighting       | |  3.0

Action                   |  1- 3 |  4- 6 || total
-------------------------+-------+-------++-------
Melee: Long sword        |   126 |   277 ||   403
  Use: Potion            |       |     2 ||     2
  Eat: Chunk             |     2 |     8 ||    10
Armor: Scale mail        |    69 |   200 ||   269
Dodge: Dodged            |    37 |   120 ||   157
Block: Kite shield       |    67 |   199 ||   266
       Rpst.: Long sword |    13 |    45 ||    58
